Map: Hardwire LE

Players

Lambo - Winner!

  • Race: Zerg Zerg
  • League: Master

DrogoTalks

  • Race: Protoss Protoss
  • League: Master

VOD

Have the link to the VOD?

Description

Time

  • Played on: April 8, 2022, 10:06 a.m.
  • Length: 28:34
Show
View Real Time Build Order
Export as new Build Order

Lambo Zerg - Winner!

Build Orders: Hatch First, Brood Lord Corruptor 

Get SALT Encoding   

  12  0:00  Drone  
  13  0:13  Overlord  
  13  0:18  Drone  
  14  0:31  Drone x2  
  16  0:44  Drone  
  17  0:52  Hatchery  
  17  0:56  Drone  
  17  0:59  Drone  
  18  1:10  Extractor  
  17  1:14  Spawning Pool  
  17  1:16  Drone  
  17  1:21  Drone  
  18  1:28  Drone  
  19  1:39  Drone  
  20  1:55  Overlord  
  20  2:01  Queen  
  20  2:08  Queen, Drone  
  24  2:09  Zergling x2  
  24  2:14  Drone  
  27  2:16  Metabolic Boost  
  27  2:17  Drone  
  28  2:26  Drone  
  28  2:29  Drone  
  30  2:38  Hatchery  
  30  2:41  Drone  
  30  2:43  Zergling x2  
  31  2:46  Overlord  
  31  2:49  Drone  
  32  2:57  Queen  
  34  2:58  Drone  
  34  3:00  Drone  
  36  3:07  Spore Crawler  
  35  3:14  Drone  
  35  3:15  Queen  
  35  3:16  Overlord, Drone  
  35  3:19  Drone  
  40  3:20  Drone  
  40  3:22  Drone  
  40  3:25  Drone  
  43  3:27  Overlord  
  43  3:31  Drone  
  44  3:36  Queen  
  44  3:40  Drone x2  
  48  3:50  Drone  
  48  3:51  Queen  
  48  3:53  Drone  
  52  3:56  Drone x4  
  52  4:00  Spore Crawler, Drone  
  52  4:01  Drone  
  56  4:05  Overlord  
  56  4:06  Drone  
  57  4:10  Zergling x2  
  58  4:18  Overlord  
  58  4:19  Overlord  
  58  4:23  Overlord  
  58  4:25  Drone x5  
  58  4:27  Drone  
  58  4:30  Drone  
  65  4:35  Drone x2  
  64  4:41  Zergling x2  
  64  4:42  Roach Warren  
  69  4:45  Drone x5  
  68  4:53  Drone x2  
  68  4:55  Lair  
  68  4:56  Drone x2  
  68  4:57  Extractor  
  71  5:00  Queen  
  71  5:01  Extractor  
  71  5:02  Zergling x4  
  71  5:06  Drone x2  
  76  5:07  Extractor  
  76  5:13  Zergling x2, Spore Crawler  
  75  5:14  Drone x3  
  75  5:16  Drone  
  75  5:18  Overlord  
  79  5:22  Drone  
  79  5:27  Drone x3  
  82  5:30  Drone x3  
  82  5:34  Extractor, Overlord  
  83  5:35  Extractor  
  83  5:40  Drone x5  
  83  5:41  Hatchery  
  86  5:44  Drone x2  
  86  5:48  Evolution Chamber  
  87  5:52  Spore Crawler  
  87  5:56  Glial Reconstitution, Spire  
  85  5:58  Drone  
  85  5:59  Roach x2, Drone  
  85  6:00  Roach x3  
  97  6:05  Overlord  
  97  6:08  Drone  
  97  6:13  Spore Crawler  
  97  6:16  Zerg Missile Weapons Level 1, Drone  
  96  6:22  Drone x2  
  98  6:26  Overlord, Drone x3  
  98  6:28  Overlord  
  98  6:29  Overlord x2  
  103  6:33  Overlord  
  103  6:34  Drone x3  
  103  6:39  Extractor  
  105  6:40  Drone  
  105  6:42  Overlord x2  
  105  6:43  Overlord  
  105  6:44  Overlord  
  105  6:47  Overlord  
  106  6:51  Baneling Nest  
  106  6:52  Roach x3  
  111  6:55  Drone x2  
  111  6:56  Drone x5  
  111  6:57  Drone  
  117  7:03  Drone  
  117  7:04  Spore Crawler  
  117  7:05  Roach  
  117  7:06  Ravager x3  
  117  7:08  Roach x2  
  126  7:10  Roach  
  126  7:11  Roach x2  
  126  7:13  Roach  
  133  7:26  Mutalisk  
  143  7:30  Roach x9  
  143  7:35  Infestation Pit  
  143  7:37  Overlord, Evolution Chamber  
  152  7:42  Drone x8  
  159  7:45  Extractor  
  158  7:52  Hatchery  
  158  7:55  Drone x3  
  158  7:56  Spire  
  159  8:02  Zergling x18  
  159  8:04  Zerg Melee Weapons Level 1  
  168  8:14  Drone x5  
  168  8:18  Zerg Missile Weapons Level 2  
  168  8:19  Hive  
  173  8:25  Zergling x22  
  184  8:39  Drone x3  
  184  8:40  Spore Crawler  
  186  8:42  Spine Crawler  
  186  8:43  Spore Crawler  
  184  8:53  Centrifugal Hooks  
  183  9:11  Drone x2  
  183  9:12  Drone x2  
  183  9:15  Spore Crawler, Spine Crawler  
  185  9:21  Pneumatized Carapace  
  185  9:23  Overseer x2  
  184  9:29  Zergling x26  
  184  9:30  Zergling x4  
  193  9:33  Greater Spire  
  193  9:35  Baneling x27  
  193  10:01  Extractor  
  193  10:02  Extractor  
  193  10:05  Drone x3  
  193  10:06  Spine Crawler  
  193  10:07  Spine Crawler x2  
  193  10:08  Spine Crawler  
  193  10:11  Overlord  
  193  10:12  Overlord  
  193  10:14  Hatchery  
  189  10:21  Baneling x16  
  199  10:22  Zergling x2  
  199  10:26  Corruptor x7  
  196  10:30  Corruptor x2  
  196  10:33  Corruptor x7  
  198  10:47  Corruptor  
  200  10:51  Zerg Flyer Armor Level 1  
  200  10:52  Spire  
  199  11:08  Zergling x2  
  199  11:09  Zergling x14  
  199  11:10  Hatchery  
  197  11:11  Spine Crawler  
  197  11:12  Spine Crawler  
  197  11:15  Spine Crawler  
  194  11:25  Zergling x14  
  200  11:29  Zergling x22  
  200  11:30  Zergling x2  
  186  11:38  Zergling x28  
  182  11:50  Adrenal Glands, Zerg Melee Weapons Level 2  
  182  11:53  Zerg Ground Armor Level 1  
  180  11:56  Viper x2  
  180  11:58  Roach  
  180  11:59  Brood Lord x5  
  180  12:00  Brood Lord  
  180  12:01  Brood Lord  
  199  12:03  Drone  
  200  12:10  Ultralisk Cavern  
  200  12:11  Zerg Flyer Weapons Level 1  
  200  12:14  Extractor  
  200  12:15  Extractor, Ravager  
  198  12:16  Ravager  
  198  12:18  Ravager  
  198  12:19  Baneling x10  
  198  12:20  Baneling x13  
  199  12:33  Spore Crawler x2  
  199  12:36  Spore Crawler x3  
  194  12:37  Spore Crawler x3  
  194  12:38  Spore Crawler  
  194  12:39  Drone x7  
  194  12:40  Drone x3  
  194  12:42  Spine Crawler  
  194  12:43  Spine Crawler x2  
  197  12:46  Spine Crawler  
  172  13:08  Corruptor x12  
  172  13:12  Zergling x20  
  179  13:16  Brood Lord  
  179  13:17  Zergling x2  
  182  13:20  Drone x3  
  182  13:21  Drone  
  186  13:36  Brood Lord x2  
  190  13:44  Brood Lord  
  190  13:51  Zergling x8  
  173  14:05  Corruptor x7  
  175  14:15  Zerg Ground Armor Level 2  
  175  14:16  Zerg Melee Weapons Level 3  
  175  14:19  Drone  
  175  14:21  Ultralisk x2  
  175  14:22  Chitinous Plating  
  188  14:31  Queen  
  188  14:32  Queen x2  
  188  14:37  Corruptor  
  196  15:03  Brood Lord  
  196  15:10  Zergling x6  
  197  15:17  Zergling x4  
  197  15:20  Pathogen Glands  
  199  15:22  Burrow  
  194  15:41  Anabolic Synthesis  
  168  15:44  Zergling x2  
  168  15:45  Zergling x42  
  168  15:48  Zergling x12  
  168  15:49  Zergling x6  
  175  15:52  Ultralisk x3  
  180  16:06  Zergling x20  
  161  16:12  Ultralisk x2  
  161  16:15  Zergling x4  
  161  16:17  Neural Parasite  
  148  16:21  Ultralisk x3  
  149  16:28  Zergling x12  
  152  16:36  Zergling x8  
  144  16:40  Zergling x8  
  147  16:48  Infestor  
  147  16:50  Infestor x2  
  153  16:58  Brood Lord x4  
  153  17:00  Brood Lord  
  163  17:01  Infestor  
  165  17:09  Infestor x3  
  165  17:11  Zerg Flyer Weapons Level 2  
  171  17:16  Overlord  
  171  17:20  Zerg Ground Armor Level 3  
  170  17:37  Hatchery  
  170  17:40  Infestor x4  
  170  17:41  Viper  
  170  17:44  Overlord x2  
  179  17:57  Baneling x4  
  179  17:58  Overlord  
  179  18:05  Corruptor x4  
  181  18:12  Overseer  
  184  18:36  Brood Lord x4  
  192  18:45  Zergling x16  
  192  18:47  Baneling x12  
  195  19:17  Zergling x8, Ultralisk x2  
  193  19:25  Hydralisk Den  
  172  19:38  Infestor x7  
  171  19:43  Zergling x2  
  171  19:44  Zergling x20  
  181  19:49  Corruptor x2  
  185  19:56  Zergling x8  
  185  19:58  Zerg Flyer Weapons Level 3  
  189  20:02  Drone x5  
  194  20:13  Extractor  
  193  20:14  Extractor  
  193  20:20  Queen x2  
  196  20:30  Zergling x10  
  193  20:43  Corruptor x3  
  195  20:58  Spawning Pool  
  187  21:04  Corruptor x6  
  199  21:20  Lurker Den  
  198  21:38  Zerg Missile Weapons Level 3  
  198  21:43  Hatchery  
  198  21:45  Extractor  
  198  21:46  Overseer x4  
  196  21:47  Extractor  
  195  22:02  Lair  
  195  22:07  Spine Crawler  
  195  22:08  Spine Crawler  
  193  22:23  Zergling x12  
  189  22:45  Corruptor x3  
  193  23:10  Brood Lord  
  193  23:12  Brood Lord  
  177  23:34  Zergling x48  
  143  23:41  Zergling x2  
  153  23:44  Queen x5  
  165  23:55  Brood Lord  
  167  23:56  Brood Lord x8  
  167  23:59  Infestor x2  
  167  24:02  Hatchery  
  182  24:04  Extractor  
  182  24:06  Extractor  
  178  24:11  Infestation Pit  
  178  24:15  Corruptor x5  
  178  24:16  Queen  
  189  24:18  Zergling x22  
  200  24:31  Overlord  
  200  24:36  Spore Crawler  
  199  24:45  Hatchery  
  198  24:51  Corruptor  
  199  25:03  Corruptor x2  
  195  25:20  Corruptor x3  
  192  25:30  Corruptor  
  192  25:31  Corruptor  
  192  25:32  Queen x2  
  155  25:45  Zergling x50  
  146  25:58  Queen x2  
  146  26:01  Zergling x10, Ultralisk  
  146  26:08  Zergling x12  
  144  26:18  Zergling x12  
  138  26:27  Drone x3  
  138  26:29  Infestor  
  142  26:33  Ultralisk  
  142  26:34  Queen x2  
  152  26:45  Corruptor x3  
  152  26:46  Queen x2  
  162  26:55  Zergling x30  
  176  27:04  Zergling x10  
  176  27:07  Zergling x4  
  161  27:11  Zergling x10  
  154  27:18  Zergling x12  
  154  27:22  Zergling x6  
  156  27:30  Ultralisk  
  156  27:33  Zergling x6  
  157  27:42  Infestor x2  
  157  27:43  Infestor  
  163  27:46  Brood Lord  
  165  28:03  Zergling x10  
  169  28:08  Zergling x18  
  167  28:13  Zergling x2  
  167  28:14  Zergling x12  
Show
View Real Time Build Order
Export as new Build Order

DrogoTalks Protoss 

Build Orders: 1 Gate Expand, Oracle Opening, Archon Immortal, Carriers 

Get SALT Encoding   

  12  0:00  Probe  
  13  0:12  Probe  
  14  0:19  Pylon  
  14  0:24  Probe  
  15  0:37  Probe (Chrono Boost)  
  15  0:40  Gateway  
  16  0:46  Probe (Chrono Boost)  
  17  0:50  Assimilator  
  17  0:52  Probe  
  18  1:04  Probe  
  19  1:16  Probe  
  20  1:27  Nexus  
  20  1:38  Cybernetics Core  
  20  1:41  Probe  
  21  1:48  Assimilator  
  21  1:53  Probe  
  22  1:55  Pylon  
  22  2:06  Probe  
  23  2:13  Adept (Chrono Boost)  
  23  2:18  Probe  
  23  2:20  Stargate  
  26  2:28  Warp Gate  
  26  2:30  Probe (Chrono Boost)  
  27  2:40  Adept, Probe (Chrono Boost)  
  31  2:48  Probe (Chrono Boost)  
  31  2:50  Probe (Chrono Boost)  
  32  2:54  Probe (Chrono Boost)  
  32  2:55  Probe (Chrono Boost)  
  38  3:06  Probe  
  38  3:07  Void Ray (Chrono Boost)  
  38  3:11  Probe  
  40  3:16  Pylon  
  40  3:18  Probe  
  41  3:23  Probe  
  42  3:30  Gateway, Probe  
  42  3:33  Oracle (Chrono Boost)  
  46  3:35  Probe  
  47  3:42  Probe  
  47  3:47  Probe  
  49  3:55  Nexus  
  49  3:59  Pylon  
  49  4:02  Probe (Chrono Boost)  
  50  4:03  Probe (Chrono Boost)  
  51  4:10  Assimilator  
  51  4:12  Pylon  
  51  4:13  Assimilator  
  51  4:14  Probe (Chrono Boost)  
  53  4:17  Adept, Probe (Chrono Boost)  
  53  4:23  Twilight Council, Probe (Chrono Boost)  
  57  4:25  Probe (Chrono Boost)  
  57  4:26  Forge  
  58  4:33  Probe (Chrono Boost)  
  58  4:36  Probe  
  59  4:42  Robotics Facility, Probe (Chrono Boost)  
  59  4:43  Zealot  
  62  4:52  Probe (Chrono Boost)  
  63  4:54  Probe (Chrono Boost)  
  63  4:56  Protoss Ground Weapons Level 1  
  63  4:57  Gateway x2  
  64  5:03  Probe (Chrono Boost)  
  64  5:05  Probe (Chrono Boost)  
  64  5:06  Pylon, Shield Battery  
  66  5:09  Charge  
  66  5:12  Probe (Chrono Boost)  
  69  5:15  Sentry x2, Probe (Chrono Boost)  
  69  5:18  Probe (Chrono Boost)  
  69  5:20  Probe (Chrono Boost)  
  74  5:23  Probe (Chrono Boost)  
  74  5:25  Probe  
  76  5:35  Probe  
  75  5:36  Pylon  
  75  5:37  Assimilator, Probe x2  
  75  5:39  Assimilator  
  75  5:40  Gateway  
  75  5:41  Gateway  
  77  5:43  Sentry  
  77  5:46  Templar Archives  
  77  5:47  Probe (Chrono Boost)  
  80  5:50  Gateway  
  80  5:52  Gateway  
  80  5:57  Probe (Chrono Boost)  
  80  6:02  Pylon  
  80  6:03  Probe (Chrono Boost)  
  83  6:05  Probe (Chrono Boost)  
  83  6:07  Probe (Chrono Boost)  
  83  6:10  Probe (Chrono Boost)  
  85  6:21  Immortal (Chrono Boost)  
  89  6:26  High Templar x2  
  89  6:31  Archon  
  93  6:35  Nexus  
  93  6:36  Pylon, High Templar x2  
  93  6:37  Zealot x2  
  101  6:43  Archon  
  101  6:47  Probe  
  101  6:49  Forge  
  101  6:50  Immortal (Chrono Boost), Probe  
  107  6:54  Pylon  
  107  6:55  Pylon, Probe  
  107  6:58  Photon Cannon, Pylon  
  107  7:00  Shield Battery, Probe  
  109  7:03  Probe  
  109  7:06  Stargate  
  109  7:07  Stargate  
  110  7:08  Phoenix (Chrono Boost)  
  110  7:11  Probe  
  110  7:14  Probe  
  114  7:18  Fleet Beacon  
  110  7:24  Phoenix  
  110  7:29  Probe  
  113  7:33  Immortal (Chrono Boost)  
  113  7:34  Probe x2  
  119  7:37  Photon Cannon  
  119  7:39  Zealot x4  
  119  7:41  Probe  
  128  7:49  Phoenix  
  130  7:51  Probe  
  130  7:53  Probe  
  130  7:56  Protoss Ground Weapons Level 2  
  132  7:59  Protoss Shields Level 1  
  132  8:03  Immortal (Chrono Boost)  
  132  8:05  Probe x2  
  134  8:07  Assimilator x2  
  138  8:13  Photon Cannon  
  138  8:17  Probe  
  138  8:19  Photon Cannon  
  139  8:21  Probe  
  139  8:24  Pylon  
  140  8:28  Shield Battery  
  140  8:35  Immortal (Chrono Boost)  
  144  8:44  Zealot x4  
  144  8:46  Pylon  
  144  8:47  Pylon  
  164  8:49  Carrier x2 (Chrono Boost), Pylon  
  164  9:03  Carrier (Chrono Boost)  
  164  9:09  Protoss Air Weapons Level 1 (Chrono Boost)  
  170  9:10  Immortal (Chrono Boost)  
  172  9:18  High Templar  
  172  9:19  Zealot x6, High Templar  
  186  9:29  Nexus  
  186  9:30  Pylon  
  186  9:39  Pylon  
  186  9:43  Zealot  
  188  9:45  Pylon  
  188  9:46  Carrier (Chrono Boost)  
  188  9:50  Assimilator  
  188  9:51  Pylon  
  188  9:52  Assimilator, Pylon  
  194  9:55  Gateway  
  194  9:56  Photon Cannon  
  194  9:57  Gateway, Photon Cannon  
  194  9:59  Pylon  
  194  10:00  Carrier (Chrono Boost), Photon Cannon  
  194  10:01  Pylon, Shield Battery  
  194  10:05  Archon  
  170  10:31  Probe  
  170  10:32  Zealot x8  
  182  10:40  Protoss Shields Level 2  
  182  10:43  Carrier (Chrono Boost)  
  182  10:46  Protoss Ground Weapons Level 3 (Chrono Boost)  
  194  10:56  Carrier (Chrono Boost)  
  200  10:57  Carrier (Chrono Boost)  
  200  11:07  Protoss Air Weapons Level 2 (Chrono Boost)  
  200  11:10  High Templar x2  
  200  11:11  High Templar x2  
  194  11:12  Zealot x2  
  194  11:15  Gateway  
  194  11:17  Gateway, Archon  
  194  11:18  Gateway x2, Archon  
  164  11:36  Stalker x3  
  164  11:37  Stalker x3  
  158  11:42  Psionic Storm  
  158  11:47  Void Ray (Chrono Boost)  
  154  11:54  High Templar x3  
  156  12:02  Photon Cannon  
  156  12:03  Warp Prism (Chrono Boost), Void Ray (Chrono Boost)  
  156  12:04  Shield Battery  
  158  12:12  High Templar  
  158  12:14  High Templar x2  
  158  12:15  Zealot x4, Void Ray  
  176  12:18  Archon  
  176  12:24  Zealot x4  
  184  12:33  Observer (Chrono Boost)  
  183  12:54  Zealot  
  183  12:55  Zealot x8  
  195  13:02  Pylon  
  181  13:08  Stalker x2  
  181  13:09  Stalker x3  
  181  13:11  Probe x2  
  187  13:16  Blink (Chrono Boost), High Templar x6  
  199  13:20  Archon x3  
  199  13:26  Protoss Shields Level 3 (Chrono Boost)  
  137  14:17  High Templar x3  
  137  14:18  Stalker x11  
  137  14:23  Warp Prism (Chrono Boost)  
  164  14:30  Protoss Ground Armor Level 1 (Chrono Boost)  
  166  14:42  High Templar x2  
  166  14:43  High Templar x3  
  166  14:44  Zealot x5, High Templar  
  188  14:49  Archon x3  
  188  15:03  Zealot  
  190  15:09  Nexus  
  190  15:10  Pylon  
  188  15:23  Nexus  
  188  15:24  Pylon  
  188  15:26  Stalker x3  
  188  15:27  Stalker x4  
  146  15:50  Stalker x12  
  146  15:51  Stalker x2  
  146  16:15  Stalker x6  
  146  16:16  Stalker x7  
  158  16:34  Archon  
  158  16:35  Immortal (Chrono Boost)  
  122  16:50  Robotics Facility  
  122  16:51  Robotics Facility  
  122  16:53  Pylon  
  122  16:55  High Templar x5  
  122  16:56  Zealot x4, High Templar  
  122  16:57  Zealot x3  
  122  16:58  Photon Cannon  
  122  16:59  Shield Battery, Archon x2  
  122  17:00  Archon  
  148  17:05  Immortal (Chrono Boost)  
  152  17:16  Assimilator  
  152  17:17  Assimilator, Pylon  
  152  17:24  High Templar x4  
  152  17:25  High Templar  
  162  17:30  Protoss Ground Armor Level 2  
  162  17:32  Zealot x5  
  170  17:42  Immortal x2 (Chrono Boost)  
  170  17:45  Observer (Chrono Boost)  
  177  17:59  High Templar x2  
  177  18:01  High Templar x2  
  177  18:02  Zealot x3  
  177  18:03  Archon  
  177  18:05  Photon Cannon  
  191  18:10  High Templar, Archon  
  191  18:11  Zealot x3  
  199  18:26  Immortal x2 (Chrono Boost)  
  191  18:30  Observer (Chrono Boost)  
  196  19:03  Stalker x2  
  196  19:10  Archon  
  192  19:20  Stalker x4  
  148  19:44  Warp Prism (Chrono Boost)  
  134  19:49  Tempest x3 (Chrono Boost)  
  143  19:56  High Templar  
  143  19:57  High Templar  
  143  19:58  Mothership (Chrono Boost)  
  147  20:00  Assimilator  
  147  20:02  Assimilator  
  147  20:06  Zealot x8  
  147  20:07  Zealot x3  
  177  20:22  Tempest x3 (Chrono Boost)  
  170  20:42  Zealot x2, High Templar x2  
  173  20:44  Immortal  
  173  20:45  Immortal  
  173  20:46  Immortal  
  183  20:58  Tempest (Chrono Boost)  
  189  21:07  High Templar x2  
  189  21:09  Photon Cannon  
  189  21:11  Shield Battery  
  191  21:15  Photon Cannon  
  189  21:27  Protoss Air Weapons Level 3 (Chrono Boost)  
  189  21:32  High Templar x4  
  197  21:33  Zealot  
  197  21:34  Pylon  
  197  21:35  Oracle (Chrono Boost)  
  197  21:36  Oracle (Chrono Boost), Archon x2  
  193  21:58  High Templar  
  193  21:59  Photon Cannon, High Templar  
  193  22:00  Shield Battery  
  195  22:15  Observer x2 (Chrono Boost)  
  197  22:20  Photon Cannon  
  195  22:24  Shield Battery  
  195  22:32  Photon Cannon  
  195  22:36  Nexus  
  193  22:39  Pylon  
  177  23:30  Archon x2  
  162  23:37  Probe  
  162  23:39  Probe  
  117  23:47  Photon Cannon  
  100  23:48  Photon Cannon  
  100  23:50  Shield Battery  
  100  23:51  Stalker x4  
  100  23:52  Stalker x9  
  100  23:53  Carrier (Chrono Boost)  
  100  23:54  Carrier x2 (Chrono Boost)  
  121  24:02  Immortal x3 (Chrono Boost)  
  151  24:11  Assimilator x2  
  151  24:21  Observer  
  150  24:28  Immortal  
  154  24:39  Protoss Ground Armor Level 3 (Chrono Boost), High Templar x4  
  154  24:40  Zealot x9  
  180  24:51  Carrier x2  
  191  25:06  Zealot x5  
  153  25:37  Zealot x4  
  153  25:38  Zealot x9  
  127  26:01  Zealot x9  
  122  26:08  Stalker x4  
  90  26:27  Stalker x3  
  90  26:28  Stalker x6  
  108  26:35  Observer (Chrono Boost), Nexus  
  109  26:40  Pylon  
  109  26:45  High Templar x4  
  109  26:46  Pylon  
  117  26:49  Archon x2  
  117  26:53  High Templar x4  
  117  26:54  Zealot x5  
  131  26:57  Archon  
  131  26:58  Archon  
  90  27:21  Stalker x6  
  90  27:22  Zealot x3  
  108  27:28  Zealot  
  92  27:34  Zealot x3  
  92  27:39  Immortal  
  96  27:51  High Templar  
  98  27:57  Photon Cannon  
  98  27:58  Shield Battery  
  98  27:59  High Templar  
  98  28:00  Zealot x4  
  98  28:04  Zealot  
  104  28:13  Zealot  
  104  28:14  Zealot x3  
  104  28:19  Zealot x2  
Tags
 
Add a new tag
Caveats
  • Supply blocks, unpowered buildings, or Contaminate may cause inaccurate times.
  • Supply counts are checked every 10 seconds.